 Dungeon Crawl Stone Soup version 0.29.0-4-gdea44cf6ec (webtiles) character file.

Game seed: 6337415748227817019

752 qw the Cleaver (level 7, -12/41 HPs)
             Began as a Tengu Warper on Aug 28, 2022.
             Mangled by an ogre
             ... wielding a +0 giant club
              (21 damage)
             ... on level 5 of the Dungeon.
             The game lasted 00:00:26 (4603 turns).

qw the Cleaver (Tengu Warper)                       Turns: 4603, Time: 00:00:26

Health: -12/41     AC: 15    Str: 14    XL:     7   Next: 78%
Magic:  11/11      EV:  8    Int: 17    God:
Gold:   176        SH:  0    Dex: 13    Spells: 10/10 levels left

rFire   . . .      SeeInvis +   Y - +0 hand axe (vorpal)
rCold   + . .      Faith    .   (no shield)
rNeg    + + .      Spirit   .   k - +2 chain mail {Will+}
rPois   +          Reflect  .   (helmet restricted)
rElec   .          Harm     .   e - +2 cloak
rCorr   .          Rampage  .   m - +0 pair of gloves
Will    +....                   (boots unavailable)
Stlth   ..........              (no amulet)
HPRegen 0.13/turn               d - ring of Waqem {rPois rC+ rN++ Int+4 SInv}
MPRegen 0.12/turn               (no ring)

@: flying quickly and evasively, quick
A: beak, talons 3, nimble flight
a: no special abilities


You were on level 5 of the Dungeon.
You visited 2 branches of the dungeon, and saw 7 of its levels.

You collected 176 gold pieces.


Innate Abilities, Weirdness & Mutations

You have a beak for a mouth.
You have claws for feet.
Your magical nature lets you fly swiftly and evasively.


   Skills:
 - Level 3.0 Fighting
 + Level 8.5 Axes
 - Level 1.0 Throwing
 - Level 3.1 Armour
 - Level 2.1 Dodging
 - Level 2.0 Spellcasting
 - Level 2.4 Translocations


You had 10 spell levels left.
You didn't know any spells.
Your spell library contained the following spells:

 Spells                   Type           Power      Damage    Failure   Level
 Blink                    Tloc           18%        N/A       95%         2
 Gell's Gravitas          Tloc           9%         N/A       99%         3
 Lesser Beckoning         Tloc           9%         N/A       99%         3
 Teleport Other           Tloc           9%         N/A       99%         3
 Manifold Assault         Tloc           9%         N/A       100%        5

Inventory:

Hand Weapons
 f - a +0 flail
 Y - a +0 vorpal hand axe (weapon)
Armour
 e - a +2 cloak (worn)
 k - a +2 chain mail of willpower (worn)
 m - a +0 pair of gloves (worn)
Jewellery
 d - the ring of Waqem (left hand) {rPois rC+ rN++ Int+4 SInv}
   (You found it on level 3 of the Dungeon)

   [ring of see invisible]

   Int:       It affects your intelligence (+4).
   rC:        It protects you from cold.
   rPois:     It protects you from poison.
   rN:        It greatly protects you from negative energy.
   SInv:      It lets you see invisible.
 i - a ring of poison resistance
Potions
 b - a potion of curing {unknown}
 c - a potion of degeneration {unknown}
 g - a potion of haste {unknown}
 h - a potion of cancellation {unknown}
 j - a potion of resistance
 l - a potion of lignification {unknown}

Dungeon Overview and Level Annotations

Branches:
Dungeon (6/15)             Temple (1/1) D:6

Altars:
Ashenzari
Cheibriados
Dithmenos
Fedhas
Gozag
Hepliaklqana
Makhleb
Qazlal
Sif Muna
Trog
Vehumet
Xom
Yredelemnul
The Shining One

Annotations:
D:3 1 runed translucent door, qw's ghost, amateur TeWr
D:5 Ijyb


Message History

You closely miss the necrophage. Your kick misses the necrophage.
Your peck misses the necrophage.
The necrophage is heavily damaged.
The necrophage hits you but does no damage.
You barely miss the necrophage.
The necrophage is heavily damaged.
The necrophage hits you but does no damage.
You hit the necrophage but do no damage.
You claw the necrophage, but do no damage.
The necrophage is heavily damaged.
The necrophage hits you.
You hit the necrophage.
You claw the necrophage, but do no damage.
The necrophage is severely damaged.
The necrophage closely misses you.
You hit the necrophage.
You destroy the necrophage!
You start resting.
HP restored.
You see here a necrophage corpse.
Found a book of Rime.
Ijyb the Twisted Goblin comes into view.
She is wielding a +0 dagger and carrying a wand of light (4).
Ijyb shouts!
You see here an amulet of regeneration.
An ogre comes into view. It is wielding a +0 giant club.
The ogre shouts!
Ijyb zaps a wand.
The bolt of light hits you! Ijyb screams, "I dance on your bones!"
Ijyb zaps a wand.
The bolt of light hits you! The ogre hits you with a +0 giant club!
Ijyb hits you but does no damage.
You closely miss the ogre. You claw the ogre.
The ogre is lightly wounded.
You hit Ijyb but do no damage. You hit the ogre. You claw the ogre.
The ogre is moderately wounded.
You hit Ijyb. Ijyb barely misses you.
The ogre hits you with a +0 giant club!!
Ouch! That really hurt!
You die...

..........#+####.#
#.##. ..........#
# #.# #.##.
.........##.# #.#
#....
......#..##.#
#.#######
..#...."....#
#.#......
#.........###
.#####
#............
#.....:..###.
+....@...#
#....Og..#
#..........#
###........#
............
###........###
##########


You could see an ogre and Ijyb.

Vanquished Creatures
  Sigmund (D:3)
  A sky beast (D:6)
  An ogre (D:6)
  A kobold brigand (D:6)
  A necrophage (D:5)
  2 hounds (D:4)
  An iguana (D:4)
  2 orc wizards (D:6)
  3 gnolls (D:4)
  3 adders
  A shadow imp (D:6)
  An ufetubus (D:4)
  A worm (D:2)
  3 dart slugs
  5 orcs
  5 ball pythons
  4 endoplasms
  4 giant cockroaches
  2 goblins
  5 hobgoblins
  7 quokkas
  6 bats
  A frilled lizard (D:3)
  8 kobolds
  7 rats
76 creatures vanquished.

Notes
Turn   | Place    | Note
-------+----------+-------------------------------------------
     0 | D:1      | qw the Tengu Warper began the quest for the Orb.
     0 | D:1      | Reached XP level 1. HP: 12/12 MP: 4/4
     0 | D:1      | 0 ||| qw: Version: 0.1-a-89-g26bdef1
     0 | D:1      | 0 ||| qw: Game counter: 2555
     0 | D:1      | 0 ||| qw: Always use a shield: true
     0 | D:1      | 0 ||| qw: God list: Okawaru
     0 | D:1      | 0 ||| qw: Allow faded altars: false
     0 | D:1      | 0 ||| qw: Do Orc after D:15 true
     0 | D:1      | 0 ||| qw: Do second Lair branch before Depths: true
     0 | D:1      | 0 ||| qw: Lair rune preference: random
     0 | D:1      | 0 ||| qw: Plans: Normal
     0 | D:1      | 0 ||| PLANNING D:1-11
   434 | D:1      | Reached skill level 3 in Axes
   434 | D:1      | Reached XP level 2. HP: 17/17 MP: 6/6
   471 | D:1      | 471 ||| Stepping ~*~*~tactically~*~*~ (stealth).
   970 | D:1      | 970 ||| UPGRADING to +2 cloak.
   975 | D:1      | 975 ||| UPGRADING to +0 ring mail.
   985 | D:1      | 985 ||| DROPPING +0 leather armour.
   986 | D:1      | 986 ||| READING scroll labelled BUFIPT EWNIET.
   987 | D:1      | 987 ||| READING scroll labelled DYC AXKAIFUZOU.
   988 | D:1      | 988 ||| DRINKING 2 purple potions.
   989 | D:1      | 989 ||| DROPPING scroll of blinking.
   990 | D:1      | 990 ||| DROPPING potion of invisibility.
  1226 | D:2      | Reached XP level 3. HP: 20/21 MP: 7/7
  1259 | D:2      | Reached skill level 4 in Axes
  1329 | D:2      | 1329 ||| Stepping ~*~*~tactically~*~*~ (hiding).
  1734 | D:2      | 1734 ||| Stepping ~*~*~tactically~*~*~ (stealth).
  1738 | D:2      | 1738 ||| Stepping ~*~*~tactically~*~*~ (stealth).
  1874 | D:2      | 1874 ||| UPGRADING to +0 chain mail.
  1884 | D:2      | 1884 ||| DROPPING +0 ring mail.
  1885 | D:2      | 1885 ||| UPGRADING to +2 chain mail of willpower.
  1895 | D:2      | 1895 ||| DROPPING +0 chain mail.
  1896 | D:2      | 1896 ||| READING scroll labelled BUAPNIWEEFF.
  1899 | D:2      | 1899 ||| READING scroll labelled NUIVIB XOATUL.
  2000 | D:2      | 2000 ||| READING scroll labelled FUEL VESUGOHU.
  2014 | D:3      | Reached XP level 4. HP: 26/26 MP: 8/8
  2021 | D:3      | Identified the ring of Waqem {rPois rC+ rN++ Int+4 SInv}
  2038 | D:3      | 2038 ||| Stepping ~*~*~tactically~*~*~ (stealth).
  2110 | D:3      | Identified the +6 shortbow of Jiavagg {venom, rElec}
  2165 | D:3      | 2165 ||| Stepping ~*~*~tactically~*~*~ (stealth).
  2401 | D:3      | Found a runed translucent door.
  2402 | D:3      | Noticed qw's ghost (amateur TeWr)
  2410 | D:3      | Noticed Sigmund
  2420 | D:3      | Killed Sigmund
  2421 | D:3      | Reached skill level 6 in Axes
  2421 | D:3      | Gained mutation: Your magical nature lets you fly swiftly
                  | and evasively. [Tengu growth]
  2421 | D:3      | Reached XP level 5. HP: 30/30 MP: 9/9
  2421 | D:3      | Reached XP level 6. HP: 35/35 MP: 10/10
  2634 | D:3      | 2634 ||| UPGRADING to ring of Waqem {rPois rC+ rN++ Int+4
                  | SInv}.
  2635 | D:3      | 2635 ||| DROPPING ring of magical power.
  2636 | D:3      | 2636 ||| DRINKING 2 green potions.
  2737 | D:3      | 2737 ||| DROPPING potion of ambrosia.
  2819 | D:4      | You are sucked into a shaft and drop 2 floors!
  2820 | D:6      | Found a staircase to the Ecumenical Temple.
  2821 | D:6      | 2821 ||| PLANNING TEMPLE
  2822 | D:6      | 2822 ||| Stepping ~*~*~tactically~*~*~ (hiding).
  2832 | D:6      | Reached skill level 7 in Axes
  3036 | D:6      | Reached skill level 3 in Fighting
  3052 | D:6      | Reached XP level 7. HP: 20/41 MP: 11/11
  3103 | D:6      | 3103 ||| Stepping ~*~*~tactically~*~*~ (stealth).
  3104 | D:6      | 3104 ||| FLEEEEING.
  3105 | D:6      | 3105 ||| FLEEEEING.
  3243 | D:6      | Reached skill level 8 in Axes
  3387 | Temple   | Entered the Ecumenical Temple
  3598 | Temple   | 3598 ||| PLANNING D:1-11
  3647 | D:5      | Entered Level 5 of the Dungeon
  3765 | D:4      | 3765 ||| DROPPING +0 whip.
  3820 | D:4      | Reached skill level 3 in Armour
  4356 | D:4      | Found a shimmering blue altar of Sif Muna.
  4520 | D:4      | 4520 ||| UPGRADING to +0 pair of gloves.
  4525 | D:4      | 4525 ||| DRINKING 2 sapphire potions.
  4526 | D:4      | 4526 ||| DROPPING potion of flight.
  4597 | D:5      | Noticed Ijyb
  4601 | D:5      | HP: 9/41 [ogre/+0 giant club (13)]
  4603 | D:5      | Mangled by an ogre

Levels and vault maps discovered:
D:1:      erik_arrival_blinker_ship, layout_loops_corners, minmay_3d_cube
D:2:      layout_rooms
D:3:      layout_basic, ebering_ghost_reflecting_pool, uniq_sigmund
D:4:      layout_gridville, lemuel_blue_sif_altar
D:5:      layout_basic, serial_shops, nicolae_shop_stone, uniq_ijyb,
          uniq_blork_the_orc, uniq_grinder, uniq_crazy_yiuf_cottage
D:6:      layout_cave_pools, mainiacjoe_overflow_alcove_1,
          nicolae_kikubaaqudgha_miasma_corner, minmay_temple_entry_stoned_glass,
          nrook_loot_triangle
Temple:   oiseaux_autumnal_temple

Skill      XL: |  1  2  3  4  5  6  7 |
---------------+----------------------+-----
Axes           | 3 4 6 7 8 |  8.5
Armour         | 2 3 |  3.1
Fighting       | 3 |  3.0
Throwing       | |  1.0
Dodging        | |  2.1
Spellcasting   | |  2.0
Translocations | |  2.4

Action                   |  1- 3 |  4- 6 |  7- 9 || total
-------------------------+-------+-------+-------++-------
Melee: Hand axe          |    73 |    68 |    56 ||   197
       Kick              |    17 |    21 |    23 ||    61
       Peck              |     9 |    10 |    10 ||    29
       Punch             |     1 |     1 |     1 ||     3
Throw: Boomerang         |     7 |       |       ||     7
  Use: Scroll            |     5 |       |       ||     5
       Potion            |     1 |     1 |     1 ||     3
Armor: Leather armour    |     5 |       |       ||     5
       Ring mail         |    10 |       |       ||    10
       Chain mail        |     2 |    31 |    27 ||    60
Dodge: Dodged            |    31 |    16 |    25 ||    72

Table legend:
 A = Non-vault XP
 B = Vault XP
 C = Vault XP percentage of total XP
 D = Non-vault monster count
 E = Vault monster count
 F = Vault count percentage of total count
                 A         B        C        D         E       F
            +---------+---------+-------+---------+---------+-------
      Total |     849 |     226 |  21.0 |      73 |       3 |   3.9
            +---------+---------+-------+---------+---------+-------
        D:1 |      25 |       3 |  10.7 |      14 |       2 |  12.5
        D:2 |      44 |       0 |   0.0 |      16 |       0 |   0.0
        D:3 |      43 |     223 |  83.8 |      17 |       1 |   5.6
        D:4 |     183 |       0 |   0.0 |      13 |       0 |   0.0
        D:5 |      88 |       0 |   0.0 |       1 |       0 |   0.0
        D:6 |     466 |       0 |   0.0 |      12 |       0 |   0.0
            +---------+---------+-------+---------+---------+-------
